 Dungeon Crawl Stone Soup version 0.30-a0-777-ga9a30cbeda (webtiles) character file.

Game seed: 12510683957158634637

60 Nedwor the Trooper (level 3, -6/29 HPs)
             Began as a Demonspawn Fighter on Feb 14, 2023.
             Killed from afar by Terence (15 damage)
             ... with a bolt of dispelling energy
             ... on level 2 of the Dungeon.
             The game lasted 00:02:50 (1036 turns).

Nedwor the Trooper (Demonspawn Fighter)             Turns: 1036, Time: 00:02:51

Health: -6/29      AC: 13    Str: 18    XL:     3   Next: 82%
Magic:  3/3        EV:  9    Int:  9    God:
Gold:   172        SH:  4    Dex: 12    Spells: 2/2 levels left

rFire   . . .      SeeInvis .    m - staff of earth
rCold   . . .      Faith    .    c - +0 buckler
rNeg    . . .      Spirit   .    b - +0 scale mail
rPois   .          Reflect  .    e - +0 helmet
rElec   .          Harm     .    (no cloak)
rCorr   .          Rampage  .    (no gloves)
Will    .....                    (no boots) Stlth
                                 (no amulet)
HPRegen 0.24/turn                (no ring)
MPRegen 0.08/turn                (no ring)

@: sanguine armoured
A: sanguine armour 1
a: no special abilities


You were on level 2 of the Dungeon.
You visited 1 branch of the dungeon, and saw 2 of its levels.

You collected 172 gold pieces.

Inventory:

Hand Weapons
 a - a +0 rapier
Armour
 b - a +0 scale mail (worn)
 c - a +0 buckler (worn)
 e - a +0 helmet (worn)
Magical Staves
 m - a staff of earth (weapon)
Scrolls
 f - a scroll of brand weapon {unknown}
 j - 3 scrolls of teleportation {unknown}
 l - a scroll of enchant weapon {unknown}
 n - a scroll of fog {unknown}
 o - a scroll of enchant armour {unknown}
Potions
 d - a potion of might
 g - 2 potions of lignification {unknown}
 h - a potion of curing {unknown}
 i - a potion of flight {unknown}
 k - a potion of attraction {unknown}
 p - a potion of magic {unknown}


   Skills:
 + Level 3.2 Fighting
 - Level 2.3 Short Blades
 * Level 0.5 Staves
 + Level 3.0 Armour
 + Level 0.9 Dodging
 + Level 3.1 Shields
 + Level 0.2 Earth Magic
 + Level 0.4 Evocations


You had 2 spell levels left.
You didn't know any spells.
Your spell library contained the following spells:

 Spells                   Type           Power      Damage    Failure   Level
 Slow                     Hex            0%         N/A       86%         1
 Confusing Touch          Hex            0%         N/A       99%         3
 Vampiric Draining        Necr           0%         2d6       99%         3


Dungeon Overview and Level Annotations

Branches:
Dungeon (2/15)

Altars:

Annotations:
D:2 Terence


Innate Abilities, Weirdness & Mutations

When seriously injured, your blood forms armour. (AC +6)


Message History

You now have 158 gold pieces (gained 10).
You now have 172 gold pieces (gained 14).
Terence and a bat come into view.
Terence is wielding a +0 falchion and carrying a wand of quicksilver (14).
Found a stone staircase leading up.
Terence shouts!
You block the bat's attack.
There are monsters nearby!
There are monsters nearby!
There are monsters nearby!
You barely miss the bat. The bat hits you but does no damage. x2
The bat barely misses you.
You closely miss the bat. The bat hits you.
You hit Terence but do no damage. The bat closely misses you.
Terence hits you with a +0 falchion.
You hit Terence but do no damage. The bat hits you but does no damage.
The bat closely misses you. Terence closely misses you.
You barely miss Terence. The bat hits you but does no damage.
Terence hits you with a +0 falchion.
Terence bares his teeth.
Terence hits you with a +0 falchion.
Your blood congeals into armour.
You hit Terence but do no damage. The bat hits you but does no damage.
Terence hits you but does no damage.
You hit Terence.
Terence is lightly wounded.
Your blood armour dries and flakes away.
The bat hits you but does no damage. Terence hits you with a +0 falchion.
Your blood congeals into armour.
You completely miss Terence.
Terence is lightly wounded.
The bat hits you but does no damage. Terence hits you with a +0 falchion!
* * * LOW HITPOINT WARNING * * *
You are too injured to fight recklessly!
You are too injured to fight recklessly!
You are too injured to fight recklessly!
The bat hits you but does no damage. The bat barely misses you.
Terence zaps a wand.
The bolt of dispelling energy hits you!
Ouch! That really hurt!
You die...

.# #.##.##.# ##
#.##.##.#... ...<
#.##.##.#..# ...# #
#.##.##.#..# ...# ##
#.##.##.#... ... .##
#.......##.# ..## ..##
##.##.#####.# ...##
...####..<#.#####b##....###
...+............@..@.......
...####...#.########...!###
..## ##...PPP# .#.## .##
##P...P# .# # ## #P...P##
.# # #P.....# .. ###
#PPP.P.# #. ##.## ###....#
. ##.#.## #.####


You could see Terence and a bat.

Vanquished Creatures
  2 adders (D:2)
  4 dart slugs (D:1)
  4 ball pythons (D:1)
  3 endoplasms (D:1)
  2 giant cockroaches (D:1)
  2 goblins (D:1)
  3 hobgoblins (D:1)
  2 quokkas (D:1)
  4 bats
  4 kobolds
  4 rats (D:1)
34 creatures vanquished.

Vanquished Creatures (others)
  4 toadstools (D:2)
4 creatures vanquished.

Grand Total: 38 creatures vanquished

Notes
Turn   | Place    | Note
-------+----------+-------------------------------------------
     0 | D:1      | Nedwor the Demonspawn Fighter began the quest for the Orb.
     0 | D:1      | Reached XP level 1. HP: 18/18 MP: 1/1
    63 | D:1      | Gained mutation: When seriously injured, your blood forms
                  | armour. (AC +6) [demonic ancestry]
    63 | D:1      | Reached XP level 2. HP: 24/24 MP: 2/2
   492 | D:1      | Reached XP level 3. HP: 26/29 MP: 3/3
   516 | D:1      | Found a faded altar of an unknown god.
  1025 | D:2      | Noticed Terence
  1036 | D:2      | Killed from afar by Terence

Illustrated notes

Levels and vault maps discovered:
D:1:      shiori_arrival_oz, layout_basic, basic_ecumenical_altar,
          minmay_liquid_box, moated_statue
D:2:      layout_loops_corners, minmay_gold_behind_fungi, minmay_rat_hole,
          uniq_terence, uniq_sigmund

Skill      XL: |  1  2  3 |
---------------+----------+-----
Short Blades   | 2 |  2.3
Shields        | 3 |  3.1
Armour         | 3 |  3.0
Fighting       | |  3.2
Staves         | |  0.5
Dodging        | |  0.9
Earth Magic    | |  0.2
Evocations     | |  0.4

Action                     || total
---------------------------++-------
  Melee: Rapier            ||    72
         Staff             ||    77
 Armour: Scale mail        ||    88
  Dodge: Dodged            ||    73
  Block: Buckler           ||    32

Table legend: (Time is in decaauts)
 A = Elapsed time spent in this place.
 B = Non-inter-level travel time spent in this place.
 C = Inter-level travel time spent in this place.
 D = Time resting spent in this place.
 E = Time spent auto-exploring this place.
 F = Levels seen in this place.
 G = Mean time per level.
                   A        B        C        D        E       F      G
               +--------+--------+--------+--------+--------+-----+--------+
         Total |   1063 |    993 |     70 |      0 |    715 |   2 |  531.5 |
       Dungeon |   1063 |    993 |     70 |      0 |    715 |   2 |  531.5 |
               +--------+--------+--------+--------+--------+-----+--------+

Top non-repeatable levels by time:
     D:1: 700 daAuts
     D:2: 362 daAuts
